 Dungeon Crawl Stone Soup version 0.26.0-45-g9c1d065592 (webtiles) character file.

Game seed: 17812875493698010529

69 BOMJPIETVODKU the Skirmisher (level 4, -2/35 HPs)
             Began as a Demonspawn Fighter on Jan 28, 2021.
             Slain by a gnoll
             ... wielding a +0 spear
              (5 damage)
             ... on level 2 of the Dungeon.
             The game lasted 00:03:16 (1359 turns).

BOMJPIETVODKU the Skirmisher (Demonspawn Fighter)   Turns: 1359, Time: 00:03:17

Health: -2/35      AC: 13    Str: 17    XL:     4   Next: 2%
Magic:  4/4        EV:  4    Int: 10    God:
Gold:   33         SH:  9    Dex: 12    Spells: 3/3 levels left

rFire    . . .     SeeInvis .   a - +0 long sword
rCold    . . .     Faith    .   c - +0 kite shield
rNeg     . . .     Spirit   .   s - +0 plate armour
rPois    .         Reflect  .   k - +0 helmet
rElec    .         Harm     .   (no cloak)
rCorr    .         Rampage  .   e - +0 pair of gloves
Will     .....                  (no boots)
Stlth    ..........             (no amulet)
HPRegen  0.11/turn              (no ring)
MPRegen  0.09/turn              (no ring)

@: mighty
A: sturdy frame 1
a: no special abilities


You were on level 2 of the Dungeon.
You visited 1 branch of the dungeon, and saw 2 of its levels.

You collected 33 gold pieces.

Inventory:

Hand Weapons
 a - a +0 long sword (weapon)
Armour
 b - a +0 scale mail
 c - a +0 kite shield (worn)
 e - a +0 pair of gloves (worn)
 k - a +0 helmet (worn)
 s - a +0 plate armour (worn)
Scrolls
 g - a scroll of enchant armour {unknown}
 i - a scroll of amnesia {unknown}
 l - 2 scrolls of magic mapping {unknown}
 m - 2 scrolls of remove curse {unknown}
 n - 3 scrolls of teleportation {unknown}
 o - a scroll of enchant weapon {unknown}
 p - a scroll of fear {unknown}
 q - 2 scrolls of identify {unknown}
 r - a scroll of fog {unknown}
Potions
 f - 2 potions of cancellation {unknown}
 h - a potion of resistance {unknown}
 j - 3 potions of heal wounds {unknown}
 t - a potion of curing {unknown}


   Skills:
 * Level 3.4 Fighting
 * Level 2.8 Long Blades
 + Level 3.1 Armour
 + Level 3.1 Shields


You had 3 spell levels left.
You didn't know any spells.
Your spell library was empty.

Dungeon Overview and Level Annotations

Branches:
Dungeon (2/15)

Altars:
Ashenzari


Innate Abilities, Weirdness & Mutations

Your movements are slightly less encumbered by armour. (ER -2)


Message History

You block the gnoll's attack. The gnoll hits you with a +0 spear.
Found an escape hatch in the ceiling.
There is an open door, spattered with blood here.
Things that are here:
a +0 club; a gnoll corpse You closely miss the gnoll.
You block the gnoll's attack. The gnoll barely misses you.
You hit the gnoll.
The gnoll is moderately wounded.
The gnoll barely misses you.
You riposte.
You closely miss the gnoll.
The gnoll is moderately wounded.
You block the gnoll's attack. x2
You slash the gnoll!
The gnoll is almost dead.
The gnoll hits you with a +0 spear.
* * * LOW HITPOINT WARNING * * *
The gnoll hits you with a +0 spear.
* * * LOW HITPOINT WARNING * * *
The gnoll hits you with a +0 spear.
You die...

.....## ......#
######...# ####
#..+_#...# #...
#.####...# ### #..<
#.#......###.. #...
#.#.......##..
#...####.#.......##..
+..g@((.'#.......##..
#..g#####........##..
#... #........##(.
#### #........##(.
+..........(.
..#########
#.........#.(
...#.......#
#.........###
.).........#
#########..##
...........#####
##.##


You could see 2 gnolls.

Vanquished Creatures
  2 gnolls (D:2)
  An adder (D:2)
  An ooze (D:2)
  4 dart slugs
  A giant cockroach (D:2)
  5 goblins
  4 hobgoblins
  2 quokkas (D:2)
  A bat (D:1)
  3 kobolds
  4 rats (D:1)
28 creatures vanquished.

Notes
Turn   | Place    | Note
-------+----------+-------------------------------------------
     0 | D:1      | BOMJPIETVODKU the Demonspawn Fighter began the quest for
                  | the Orb.
     0 | D:1      | Reached XP level 1. HP: 18/18 MP: 1/1
   186 | D:1      | Gained mutation: Your movements are slightly less
                  | encumbered by armour. (ER -2) [demonic ancestry]
   186 | D:1      | Reached XP level 2. HP: 18/24 MP: 2/2
   956 | D:2      | Reached XP level 3. HP: 23/29 MP: 3/3
  1328 | D:2      | Found a broken altar of Ashenzari.
  1356 | D:2      | Reached XP level 4. HP: 13/35 MP: 4/4
  1359 | D:2      | Slain by a gnoll

Illustrated notes

Levels and vault maps discovered:
D:1:      lemuel_arrival_rhombus, layout_basic
D:2:      cheibrodos_helix_gallery, layout_basic, ashenzari_conservatory_becter,
          kennysheep_generic_room_3

Skill      XL: |  1  2 |
---------------+-------+-----
Long Blades    | 2 |  2.8
Armour         | 3 |  3.1
Shields        | 3 |  3.1
Fighting       | |  3.4

Action                   |  1- 3 |  4- 6 || total
-------------------------+-------+-------++-------
Melee: Long sword        |    92 |     3 ||    95
  Use: Potion            |     1 |       ||     1
Armor: Scale mail        |    35 |       ||    35
       Plate armour      |    27 |       ||    27
Dodge: Dodged            |    21 |     2 ||    23
Block: Kite shield       |    48 |     4 ||    52
       Rpst.: Long sword |     7 |     1 ||     8
